AoeStats
← flank steak

Arena

509801976Analyzed
3v3 RM · 5d ago on Sep 28, 2026· 66m 6s· 6 players
Game mode
Random Map
Map size
Normal (6 player)
Population
200
Speed
Normal
Resources
Standard
Victory
Conquest
Starting age
Dark Age
Ending age
Imperial Age
RankedLock teamsTeams togetherTeam positionsShared explorationLock speedFull tech treeHidden civsTurbo modeCheats
Victory
Defeat
🇧🇷 Poles · Brazil
934
+14
🇩🇪 Slavs · Germany
894
+16
🇧🇴 Danes · Bolivia
853
+17
🇺🇸 Jurchens · United States
912
-17
🇺🇸 Teutons · United States
872
-15
🇺🇸 Persians · United States
869
-15
mxn
10:49 Feudal Age
14:36 Castle Age
13:19 Double-Bit Axe
20:03 Wheelbarrow
20:00 Bow Saw
19:47 Horse Collar
23:02 Gold Mining
26:02 Gold Shaft Mining
25:54 Hand Cart
28:13 Imperial Age
26:00 Heavy Plow
26:11 Loom
26:12 Town Watch
27:06 Man-at-Arms
27:48 Squires
27:59 Forging
27:50 Scale Mail Armor
27:58 Long Swordsman
29:49 Iron Casting
29:20 Two-Handed Swordsman
30:17 Chain Mail Armor
30:45 Champion
31:39 Pikeman
37:28 Plate Mail Armor
37:58 Blast Furnace
36:49 Fletching
38:21 Druzhina
38:41 Conscription
37:52 Halberdier
39:05 Redemption
42:02 Scale Barding Armor
41:54 Bodkin Arrow
43:36 Detinets
47:15 Bloodlines
46:25 Light Cavalry
47:06 Husbandry
47:49 Chain Barding Armor
48:06 Hussar
58:00 Cavalier
60:51 Plate Barding Armor
60:24 Capped Ram
64:49 Siege Ram
66:05 Padded Archer Armor
iSorry
10:08 Feudal Age
12:44 Double-Bit Axe
12:41 Horse Collar
18:52 Castle Age
18:15 Stone Mining
18:16 Gold Mining
18:41 Forging
18:38 Scale Barding Armor
22:52 Fervor
23:31 Loom
25:27 Iron Casting
25:13 Chain Barding Armor
26:32 Sanctity
27:18 Bloodlines
26:29 Light Cavalry
27:18 Heavy Plow
27:42 Husbandry
29:16 Szlachta Privileges
29:51 Stone Shaft Mining
31:56 Town Watch
32:46 Wheelbarrow
33:10 Bow Saw
37:47 Imperial Age
35:34 Hand Cart
35:21 Town Patrol
37:38 Scale Mail Armor
38:01 Winged Hussar
38:03 Elite Obuch
39:47 Blast Furnace
39:03 Capped Ram
40:40 Lechitic Legacy
39:43 Cavalier
44:17 Crop Rotation
44:09 Chain Mail Armor
44:50 Caravan
46:17 Elite Skirmisher
47:04 Thumb Ring
48:25 Conscription
49:24 Hoardings
50:11 Chemistry
49:07 Murder Holes
49:25 Fortified Wall
49:20 Padded Archer Armor
49:10 Fletching
52:50 Ballistics
52:41 Masonry
52:12 Treadmill Crane
57:59 Bombard Tower
57:45 Siege Engineers
60:29 Plate Mail Armor
59:55 Bodkin Arrow
60:15 Leather Archer Armor
59:38 Siege Ram
63:59 Bracer
64:34 Coinage
Dr. Krauss
8:30 Loom
11:15 Feudal Age
12:42 Horse Collar
12:50 Double-Bit Axe
13:45 Wheelbarrow
21:24 Castle Age
20:09 Scale Mail Armor
21:20 Forging
22:33 Arson
23:14 Squires
23:17 Gold Mining
25:26 Gambesons
36:57 Ballistics
38:31 Iron Casting
40:30 Bow Saw
40:20 Stone Mining
40:34 Heavy Plow
40:52 Hand Cart
41:54 Chain Mail Armor
42:19 Hamask
48:02 Fletching
47:41 Elite Skirmisher
51:38 Pikeman
65:46 Imperial Age
64:11 Town Watch
64:24 Bodkin Arrow
Puff_Sullivan
3:17 Loom
11:32 Feudal Age
16:05 Castle Age
15:27 Double-Bit Axe
15:25 Horse Collar
17:50 Bow Saw
28:45 Imperial Age
27:01 Wheelbarrow
26:14 Loom
26:39 Heavy Plow
28:24 Bloodlines
28:23 Scale Barding Armor
28:21 Scale Mail Armor
28:34 Forging
29:42 Chain Barding Armor
29:14 Fletching
30:11 Conscription
29:42 Town Watch
30:05 Padded Archer Armor
30:30 Pikeman
31:11 Squires
30:57 Arson
32:13 Bodkin Arrow
32:35 Chain Mail Armor
32:56 Iron Casting
32:52 Fortified Wall
32:53 Masonry
33:04 Ballistics
33:45 Chemistry
33:10 Hand Cart
36:57 Conscription
39:53 Cavalier
41:41 Ironclad
41:47 Crenellations
42:48 Paladin
43:54 Paladin
44:11 Paladin
45:39 Elite Teutonic Knight
46:47 Halberdier
50:47 Two-Man Saw
51:27 Plate Barding Armor
55:56 Crenellations
62:07 Siege Engineers
62:36 Plate Mail Armor
62:07 Padded Archer Armor
63:21 Blast Furnace
Skipperdoo
11:09 Feudal Age
12:17 Double-Bit Axe
15:21 Castle Age
13:25 Double-Bit Axe
13:21 Horse Collar
24:42 Bow Saw
24:53 Treadmill Crane
27:59 Imperial Age
26:48 Wheelbarrow
26:03 Loom
27:16 Fletching
27:32 Gold Mining
27:34 Stone Mining
27:54 Heavy Plow
28:25 Fortified Wall
28:37 Bodkin Arrow
29:44 Scale Mail Armor
29:54 Forging
30:34 Conscription
30:56 Gold Shaft Mining
30:59 Chain Mail Armor
32:04 Elite Fire Lancer
32:46 Squires
32:31 Gambesons
33:58 Arson
34:54 Hand Cart
34:06 Man-at-Arms
36:35 Thunderclap Bombs
37:12 Bracer
37:48 Iron Casting
37:13 Padded Archer Armor
38:17 Two-Man Saw
39:02 Chemistry
38:22 Ballistics
38:31 Heavy Cavalry Archer
42:10 Crop Rotation
43:22 Leather Archer Armor
43:14 Husbandry
44:30 Bloodlines
43:54 Elite Steppe Lancer
45:22 Ring Archer Armor
44:59 Scale Barding Armor
49:52 Light Cavalry
50:39 Hussar
52:51 Chain Barding Armor
53:32 Blast Furnace
62:29 Plate Barding Armor
62:40 Fortified Bastions
flank steak
10:48 Feudal Age
9:06 Loom
10:51 Feudal Age
15:53 Castle Age
21:48 Fletching
29:46 Imperial Age
28:28 Kamandaran
28:37 Thumb Ring
29:01 Double-Bit Axe
29:02 Horse Collar
29:17 Gold Mining
30:38 Wheelbarrow
31:46 Padded Archer Armor
31:57 Crossbowman
33:31 Gold Shaft Mining
33:10 Forging
33:07 Scale Barding Armor
33:24 Husbandry
33:34 Bloodlines
33:17 Cavalier
42:10 Iron Casting
41:58 Chain Barding Armor
41:39 Bodkin Arrow
42:00 Leather Archer Armor
50:46 Bodkin Arrow
51:07 Leather Archer Armor
51:39 Citadels
53:01 Ballistics
57:16 Chemistry
57:23 Murder Holes
59:30 Hand Cart
Connection lost

Rejoining the realm…

Still unreachable

The connection could not be restored.

Session expired

The server has moved on; the page needs a fresh start.